[Event "1st FIDE Olympiad DIS 2023"]
[Site "Belgrade"]
[Date "2023.01.31"]
[Round "2.18"]
[White "Larduet Despaigne, Carlos"]
[Black "Shashikant, Kutwal"]
[Result "0-1"]
[ECO "A65"]
[WhiteElo "2277"]
[BlackElo "2182"]
[Annotator "TA"]
[PlyCount "180"]
[EventDate "2023.01.30"]
[EventType "team-tourn"]
[EventCountry "SRB"]
[SourceTitle "playchess.com"]
[Source "ChessBase"]
[SourceQuality "1"]
[WhiteTeam "Cuba"]
[BlackTeam "India"]
[WhiteTeamCountry "CUB"]
[BlackTeamCountry "IND"]
[TimeControl "40/5400+30:1800+30"]

1. c4 Nf6 2. Nc3 g6 3. e4 d6 4. d4 Bg7 5. f3 O-O 6. Nge2 c5 7. d5 e6 8. Ng3 exd5 9. cxd5 (9. Nxd5 Nxd5 10. cxd5 f5 $17) 9... Bd7 {[%emt 0:04:52] A65: Modern Benoni: 6 e4.} 10. Bg5 Na6 11. Qd2 Nc7 {[%emt 0:02:46] White is slightly better.} 12. Be2 b5 13. O-O b4 14. Nd1 {[%emt 0:00:02] [#]} Nb5 $146 ({Predecessor:} 14... Bb5 15. Bh6 Bxh6 16. Qxh6 Bxe2 17. Nxe2 Re8 18. Ng3 Nd7 19. f4 Qf6 20. Kh1 Nb5 {½-½ Covlea,V (2250)-Dinu,G (2225) Bucharest Cup IM 1998}) 15. Qf4 ({White should try} 15. Bc4 $16) 15... Nxd5 $1 $11 16. exd5 f6 17. Bh4 (17. Bh6 $11 g5 18. Qd2 Bxh6 19. Bxb5 Bxb5 20. Nf5) 17... g5 $17 {[%emt 0:00:45][%mdl 64] Deflection, Double Attack} 18. Qd2 gxh4 19. Nh5 Nd4 {[%emt 0:02:39] And now ...Qe8 would win.} 20. Bd3 f5 21. Nf2 Qe8 (21... Be5 $19 {...f4 would be deadly.} 22. Qh6 Be8) 22. Nxg7 Kxg7 23. Nh3 Qg6 {[%emt 0:01:24] Active counter play!} 24. Qf4 Qf6 25. Rfe1 Rae8 26. Qg5+ (26. Kh1 $17) 26... Qxg5 $19 27. Nxg5 h6 28. Nh3 Re5 29. Nf4 Rfe8 30. Red1 a5 31. Kf2 Kf7 32. Rac1 (32. Bc4 $17 {was worth a try.}) 32... a4 33. Bf1 {[%emt 0:01:17] [#]} Bb5 (33... Re3 $1 $19 {[%cal Oh4h3] aiming for ...h3!} 34. Bc4 a3) 34. Rxd4 $17 Bxf1 35. Rd2 Ba6 36. g3 {[%emt 0:00:05] [#]} h3 $1 37. Ra1 (37. Rdc2 $17 {was necessary.}) 37... Bc4 $19 38. a3 Bb3 (38... bxa3 $19 {Threatens to win with ...a2.} 39. Rxa3 Re1) 39. Rc1 bxa3 40. bxa3 Rb8 41. Rc3 Rbe8 42. Rc1 {[%emt 0:00:10] Repels Re1} Re3 (42... Rd8 $17) 43. Nxh3 (43. Ne6 $11 {keeps the balance.} Re5 44. Nf4) 43... c4 $17 44. Nf4 c3 45. Rd4 c2 $36 {[%emt 0:00:00][%cal Oe3e1][%mdl 2048] Keeping White busy.} 46. Rd2 Rc3 {[%emt 0:00:00] Hoping for ...Ree3.} 47. Ne2 Rc5 48. Nf4 Rec8 49. h4 (49. Rd3 $15) 49... Ba2 50. Rd4 Rb8 {[%emt 0:00:00] ...Rb1 is the strong threat.} 51. Rd3 $2 {[%emt 0:00:00][%mdl 8192] Now White is beyond hope.} (51. Rxa4 Rb1 52. Ne2 (52. Ra7+ $2 Kf6 $19) 52... Bxd5 $17) (51. Ke1 $15) 51... Rb1 $19 52. Ne2 Bc4 53. Rc3 Bxe2 {[%emt 0:00:12][%mdl 64] Discovered Attack} (53... Bxd5 54. R1xc2 Rb3 55. Rxc5 dxc5 56. Rxc5 Rxf3+ 57. Ke1 $11) 54. Rxc5 dxc5 55. Rxc2 {[%emt 0:00:09][%mdl 4096] Endgame KRB-KR} Bd1 56. Rxc5 Rb3 57. Rc7+ Kf6 58. Rc6+ Ke5 59. f4+ Kxd5 60. Rxh6 Rxa3 {[%emt 0:00:48] Strongly threatening ...Ra2+.} 61. h5 Ra2+ 62. Ke1 Bg4 63. Rh8 Rh2 64. Ra8 Rxh5 (64... Bxh5 $142 65. Rxa4 Bg4 66. Kf1 Bh3+ 67. Ke1 Rg2 68. Kd1 Bg4+ 69. Kc1 Rxg3 70. Kd2 Rf3 71. Kc2 Kc5 72. Kd2 Kb5 73. Rd4 Ra3 74. Rd7 Kc5 75. Rd8 Rf3 76. Ke2 Kc4 77. Kd2 Rxf4 78. Ke1 Kc5 79. Rg8 Kd4 80. Rc8 Rf3 81. Rh8 Ke4 82. Rh2 Rh3 83. Rf2 Ke3 84. Re2+ Kf4 85. Rg2 Re3+ 86. Kd2 Re2+ {[%mdl 64] Deflection} 87. Rxe2 Bxe2 88. Kxe2 Kg3 89. Ke3 f4+ 90. Ke2 f3+ 91. Ke1 Kg2 92. Kd2 f2 93. Kc3 f1=Q 94. Kb4 Kf3 95. Kc5 Ke4 96. Kd6 Qb5 97. Ke6 Qc6+ 98. Kf7 Kf5 99. Kg8 Qc7 100. Kh8 Kg6 101. Kg8 Qg7#) 65. Rxa4 Rh2 66. Kf1 Rc2 67. Ke1 Rc4 (67... Re2+ $142 68. Kf1 Rd2 69. Ke1 Rg2 70. Ra5+ Ke6 71. Re5+ Kf7 72. Re3 Bh3 73. Re5 Kg6 74. Kf1 Rxg3+ 75. Kf2 Rc3 76. Re8 Bg4 77. Kg2 Rf3 78. Rg8+ Kf7 79. Ra8 Rxf4 80. Kg3 Rd4 81. Ra6 Bd1 82. Ra7+ Kf6 83. Kh3 f4 84. Ra8 f3 85. Kg3 Rd2 86. Rc8 Rg2+ 87. Kf4 f2 88. Ke3 Kf7 89. Rc7+ Kg6 90. Rc6+ Kg5 91. Rc5+ Kg6 92. Rc6+ Kg5 93. Rc5+ Kg6 94. Rc6+) 68. Ra2 Ke4 69. Kf2 Kd3 70. Ra5 Rc2+ 71. Kf1 Rd2 72. Ra3+ Ke4 73. Ra7 Rd3 (73... Ke3 $142 74. Re7+ Kf3 75. Ke1 Rd3 76. Re2 Re3 77. Rxe3+ Kxe3 78. Kf1 Kf3 79. Ke1 Kxg3 80. Kf1 Kxf4 81. Kf2 Bh3 82. Ke2 Ke4 83. Kd2 f4 84. Ke2 f3+ 85. Kf2 Be6 86. Kg3 Ke3 87. Kh4 f2 88. Kg5 f1=Q 89. Kh5 Qf7+ 90. Kg5 Qg7+ 91. Kh5 Kf4 92. Kh4 Qh8#) 74. Kf2 {[%emt 0:00:15] Black is clearly winning.} Rf3+ 75. Kg2 Rb3 76. Re7+ Kd3 77. Rd7+ Ke2 {[%emt 0:00:06] ( -> ...Rb2)} 78. Re7+ Re3 79. Ra7 Bf3+ 80. Kh3 Kf2 81. Kh4 Bg4 82. Ra5 Rb3 ({And not} 82... Rxg3 83. Ra2+ Be2 84. Rxe2+ Kxe2 85. Kxg3 $11) 83. Rc5 Rb8 ({Not} 83... Rxg3 84. Rc2+ Be2 85. Rxe2+ Kxe2 86. Kxg3 $11) 84. Rc2+ Kf3 (84... Be2 $142 85. Kg5 Rf8) 85. Rc3+ Ke4 86. Kg5 Rg8+ 87. Kf6 Be2 88. Ra3 Bd3 89. Ra5 Ke3 ({Inferior is} 89... Rxg3 90. Rxf5 Rg8 91. Rg5 $15) 90. Re5+ Be4 {[%emt 0:00:23] Weighted Error Value: White=0.39/Black=0.18 (very precise)} 0-1

[Event "1st FIDE Olympiad DIS 2023"]
[Site "Belgrade"]
[Date "2023.01.31"]
[Round "2.18"]
[White "Moldovanovic, Dragan"]
[Black "Bursuc, Mihai"]
[Result "1-0"]
[ECO "E92"]
[WhiteElo "2019"]
[BlackElo "1823"]
[Annotator "TA"]
[PlyCount "121"]
[EventDate "2023.01.30"]
[EventType "team-tourn"]
[EventCountry "SRB"]
[SourceTitle "playchess.com"]
[Source "ChessBase"]
[SourceQuality "1"]
[WhiteTeam "Serbia"]
[BlackTeam "Romania"]
[WhiteTeamCountry "SRB"]
[BlackTeamCountry "ROU"]
[TimeControl "40/5400+30:1800+30"]

1. d4 Nf6 2. c4 g6 3. Nc3 Bg7 4. e4 d6 5. Nf3 O-O 6. Be2 e5 7. d5 Ne8 8. O-O a5 9. Ne1 {[%emt 0:00:45] E92: King's Indian: Classical: 6 Be2 e5: 7 dxe5, 7 Be3 and Petrosian System without 7...Nbd7.} f5 10. Nd3 {[%emt 0:00:37] [#]} b6 $146 ({Predecessor:} 10... f4 11. f3 g5 12. Bd2 Nf6 13. a3 h5 14. Nf2 Qe8 15. Nb5 Na6 16. Bxa5 b6 {0-1 Wiesemann,P-Van Orsouw,N Dortmund op-B 2001 (8)}) 11. f3 {[%emt 0:00:51] White is slightly better.} f4 12. b4 (12. a3 $14) 12... Nd7 (12... axb4 $11 13. Nxb4 Na6) 13. Bd2 Rf7 14. a3 g5 15. Qc2 Bf8 16. Na4 Ndf6 17. c5 g4 18. Be1 gxf3 19. Bxf3 Bg4 20. Bf2 (20. bxa5 $11 {remains equal.} Bxf3 21. gxf3 Rg7+ 22. Kh1 bxc5 23. Rg1) 20... Rg7 (20... Bxf3 $17 21. gxf3 axb4 22. cxb6 Qc8) 21. Kh1 Rb8 (21... Bxf3 $15 22. gxf3 Qd7) 22. Rac1 bxc5 23. bxc5 Qd7 24. cxd6 {[%emt 0:11:31] [#] Threatens to win with Ba7.} Bxd6 (24... Bxf3 $15 25. gxf3 Qh3) 25. Nac5 $2 (25. Ba7 $11 {and White is okay.} Bxf3 26. Rxf3) 25... Qf7 $2 ({Black should play} 25... Bxf3 $1 $19 26. gxf3 Qh3) 26. Qe2 Qg6 {[%emt 0:05:05] [#]} (26... Qh5 $142) 27. Ne6 (27. Be1 $1 $16) 27... Bxe6 (27... Bxf3 $1 $11 28. Qxf3 Nxe4 29. Nxg7 Nxg7) 28. dxe6 $14 Ng4 29. a4 (29. Ba7 $14 Ra8 30. Bg1) 29... Qxe6 30. Rc6 (30. Be1 $11) 30... Nxf2+ $15 31. Nxf2 {[%emt 0:00:53] White is weak on the dark squares} Qb3 32. Ng4 Qe6 (32... Qxa4 $15 33. Nh6+ Kh8) 33. h3 Rb4 34. Rd1 Rxa4 35. Qb5 Rb4 36. Qxa5 Rb8 37. Qa7 Rd8 38. Rd5 {[%emt 0:00:19][%cal Od5e5] Strongly threatening Rxe5!} Qg6 $2 (38... Rg5 $11 {and Black stays safe.}) 39. Nxe5 Qg3 40. Ng4 $36 {[%emt 0:00:43][%mdl 2048] Nh6+ would be deadly. Keeping Black busy. Active counter play!} Qe1+ 41. Qg1 Qxg1+ 42. Kxg1 {[%emt 0:00:07] Black must now prevent e5.} Ra8 (42... Rg6 $16 {is a better defense.} 43. e5 Be7) 43. e5 $18 Ra1+ (43... Bf8 $142 44. Rd4 Re7 45. Bd5+ Kh8 46. Rxf4 Bg7) 44. Kh2 Be7 45. Nf6+ Kf8 46. Rd4 (46. h4 $18) 46... Rf7 $16 47. Nxe8 ({But not} 47. Rxf4 $6 Nxf6 48. Rxc7 (48. exf6 Bd6 $14) 48... Re1 $14) (47. Nd7+ $16 Kg7 48. Rcc4 (48. Bh5 Bh4 $17)) 47... Bh4 $14 48. Rd1 (48. Nxc7 $2 Bg3#) 48... Bg3+ $2 (48... Rxd1 $1 $11 {and Black has nothing to worry.} 49. Bxd1 Kxe8) 49. Kg1 $18 Rxd1+ 50. Bxd1 Re7 51. Nf6 ({Less strong is} 51. Nxc7 Rxe5 52. Re6 Rc5 $18) 51... f3 52. Bxf3 Bxe5 53. Ne4 Kg7 54. Kf2 {[%emt 0:00:00] White is clearly winning.} Bd4+ 55. Kg3 h6 56. h4 Rf7 57. h5 Be3 58. Nc5 Bf4+ 59. Kg4 {[%emt 0:00:00] White wants to mate with Ne6+.} Bd6 60. Ne6+ Kh8 61. Be4 {[%emt 0:00:00] Weighted Error Value: White=0.41/Black=0.52} 1-0

[Event "1st FIDE Olympiad DIS 2023"]
[Site "Belgrade"]
[Date "2023.01.31"]
[Round "2.19"]
[White "Kishan, Gangolli"]
[Black "Interian Rodriguez, Alberto D."]
[Result "1-0"]
[ECO "E73"]
[WhiteElo "2059"]
[BlackElo "2082"]
[Annotator "TA"]
[PlyCount "77"]
[EventDate "2023.01.30"]
[EventType "team-tourn"]
[EventCountry "SRB"]
[SourceTitle "playchess.com"]
[Source "ChessBase"]
[SourceQuality "1"]
[WhiteTeam "India"]
[BlackTeam "Cuba"]
[WhiteTeamCountry "IND"]
[BlackTeamCountry "CUB"]
[TimeControl "40/5400+30:1800+30"]

1. d4 Nf6 2. c4 g6 3. Nc3 Bg7 4. e4 d6 5. Be2 O-O 6. Bg5 h6 7. Be3 e5 8. d5 Na6 9. g4 Nc5 10. f3 a5 11. Qd2 Kh7 12. O-O-O {[%emt 0:05:14] E73: King's Indian: Averbakh Variation without 6...c5.} Bd7 13. h4 {[%emt 0:09:49] [#]} a4 $146 ({Predecessor:} 13... h5 14. Nh3 hxg4 15. Ng5+ Kg8 16. fxg4 Nxg4 17. Bxc5 dxc5 18. Rdg1 f5 19. Kb1 Ra6 {1-0 Johansen,D (2510)-Chapman,M (2360) Australian Masters 1996 (9)}) 14. Nh3 {[%emt 0:09:02][%cal Oh4h5] White is clearly better.} Ra6 15. Rdg1 h5 16. Nf2 Qe7 17. Bg5 Rb6 (17... Qe8 $16) 18. Kc2 a3 19. b3 {[%emt 0:02:18] gxh5 would be deadly.} ({Don't do} 19. bxa3 $6 Ra8 $14) 19... Ra8 $2 {[%emt 0:01:32] [#]} (19... Qe8 20. Qe3 Rh8) 20. gxh5 $18 gxh5 21. Be3 {[%emt 0:00:49] And now Rg5 would win.} Rg8 22. Nd3 Ra6 23. Bxc5 dxc5 24. Qg5 Bc8 (24... Bh6 {was worth a try.} 25. Qxe5 Qxe5 26. Nxe5 Be3) 25. Qxe5 (25. Nxe5 $2 Bh6 26. f4 Bxg5 $17) 25... Qxe5 26. Nxe5 Rf8 27. Nd3 b6 28. e5 Ng8 (28... Ne8 {keeps fighting.} 29. Ne4 Bh6 30. Ng5+ Kh8) 29. Rg5 f6 30. Rxh5+ Nh6 31. e6 c6 32. Nf4 f5 33. Rg1 Be5 34. Nh3 Bd4 35. Rg2 Ra7 36. f4 Rg7 37. Ng5+ Kg6 38. Nf7+ {[%emt 0:00:00][%mdl 64] [#] Discovered Attack} ({Not} 38. dxc6 Ng4 $16) 38... Ng4 39. Rh6# {[%emt 0:00:22] White took control after the opening. Beautiful play by Kishan!   Weighted Error Value: White=0.18 (very precise) /Black=0.54} 1-0

[Event "1st FIDE Olympiad DIS 2023"]
[Site "Belgrade"]
[Date "2023.01.31"]
[Round "2.19"]
[White "Morariu, Ionel"]
[Black "Johansen, Torbjorn Reidar"]
[Result "0-1"]
[ECO "C58"]
[WhiteElo "1915"]
[BlackElo "1764"]
[Annotator "TA"]
[PlyCount "92"]
[EventDate "2023.01.30"]
[EventType "team-tourn"]
[EventCountry "SRB"]
[SourceTitle "playchess.com"]
[Source "ChessBase"]
[SourceQuality "1"]
[WhiteTeam "Romania"]
[BlackTeam "Norway"]
[WhiteTeamCountry "ROU"]
[BlackTeamCountry "NOR"]
[TimeControl "40/5400+30:1800+30"]

1. e4 e5 2. Nf3 Nc6 3. Bc4 Nf6 4. Ng5 d5 5. exd5 Na5 6. Bb5+ c6 7. dxc6 bxc6 8. Bd3 {[%emt 0:00:17] is cutting edge theory.} h6 9. Ne4 {[%emt 0:00:11] C58: Two Knights: 4 Ng5 d5 5 exd5 Na5 sidelines.} Be7 10. Nxf6+ Bxf6 11. O-O {[%emt 0:00:14] White is better.} O-O 12. Nc3 Qc7 {[%emt 0:06:33] [#]} 13. Qe2 $146 ({Predecessor:} 13. b3 Nb7 14. Ba3 Re8 15. Qf3 Qa5 16. Qxc6 Re6 17. Qa4 Qd8 18. Qe4 g6 19. Bc4 Re8 20. Qxg6+ {1-0 Stearman,J (2284)-Maser,T (1927) San Francisco TNM Fall op 2017 (4)}) 13... Nb7 14. Qe4 g6 15. Bc4 $36 {[%emt 0:01:17][%cal Bd3c4,Bc4b3,Bb3d5][%mdl 2080] White is really pushing.} Kg7 16. Qf3 Nd6 17. Bb3 Bb7 18. d3 {[%emt 0:00:12][%cal Oc1h6] Black must now prevent Bxh6+!} Nf5 {[%emt 0:04:41] [#]} 19. g4 $1 c5 20. Bd5 Nd6 {[%emt 0:07:47] [#]} (20... Nd4 $16 21. Bxh6+ {[%mdl 64] Deflection} Kxh6 22. Qxf6 Bxd5) 21. Bxh6+ $1 $18 {[%emt 0:00:34][%mdl 576] Deflection} Kxh6 22. Qxf6 Ne8 23. Qf3 Bxd5 24. Qxd5 Rd8 25. Qg2 f5 (25... Kg7 $142 26. Qg3 Rb8) 26. g5+ Kg7 27. f4 Rh8 (27... c4 $142 28. dxc4 Qxc4 29. fxe5 Rd4) 28. Rae1 (28. Nd5 Qd6 $16) 28... Rh4 {[%emt 0:02:28] ...Rg4 would be deadly.} 29. h3 {[%emt 0:01:22] Dodges Rg4} (29. Rxe5 Rg4 $17) (29. Nd5 Qd6 $16) 29... exf4 (29... Rxf4 $142 30. Rxf4 exf4) 30. Nd5 Qd6 31. Qf2 Rh5 32. Nxf4 ({And not} 32. Re7+ Kf8 33. c4 (33. Nxf4 $2 {is the wrong capture.} Rxg5+ 34. Kh1 Kxe7 $19) 33... Rxg5+ 34. Kh1 Nf6 $11) 32... Rxg5+ 33. Kh1 Nc7 34. Qh4 (34. Rg1 $18 Rxg1+ 35. Rxg1 (35. Kxg1 Kf7 $16) 35... Qc6+ 36. Kh2) 34... Qf6 $14 {[%emt 0:02:08][%cal Og5g1] Threatens to win with ...Rg1+!} 35. Kh2 {[%emt 0:03:07] Prevents Rg1. And now Rg1 would win.} Rh8 36. Qf2 Qd6 {[%emt 0:00:51] aiming for ...Rg4.} 37. Rg1 ({Better is} 37. d4 $14 cxd4 38. c3) 37... Nd5 $1 $11 38. Rgf1 $2 (38. Rxg5 $11 Nxf4 39. Rg3) 38... Rg4 $19 39. Qxc5 Nxf4 40. Qc3+ Kh7 (40... Kf7 $142 41. Qc4+ Nd5+ 42. Rf4 Rxf4 43. Kg2 Rxc4 44. dxc4 Nf4+ 45. Kg3 Rxh3+ 46. Kf2 Qd4+ 47. Re3 Qxe3+ 48. Kf1 Rh1#) 41. Re5 Rg2+ (41... Nxh3 $142 42. Rf3 Nf4 43. Ree3 Kg8+ 44. Qxh8+ Kxh8 45. Kh1 Qc6 46. c3 Rg3 47. d4 Rxf3 48. d5 Qc5 49. Re8+ Kg7 50. Re7+ Qxe7 51. Kh2 Qe2+ 52. Kh1 Qg2#) 42. Kh1 {[%emt 0:01:11] [#]} Rxc2 $3 {[%emt 0:00:00][%mdl 576] Deflection} 43. Qe1 (43. Re7+ Qxe7) 43... Qc6+ {[%emt 0:00:00] Black mates.} 44. Re4 fxe4 45. Qh4+ Nh5 46. dxe4 Qxe4+ {[%emt 0:00:00] Magnificent play by Johansen!   Weighted Error Value: White=0.72/Black=0.42} 0-1

[Event "1st FIDE Olympiad DIS 2023"]
[Site "Belgrade"]
[Date "2023.01.31"]
[Round "2.20"]
[White "Batista Rivera, Idalis"]
[Black "Darpan, Inani"]
[Result "0-1"]
[ECO "B27"]
[WhiteElo "1775"]
[BlackElo "2016"]
[Annotator "TA"]
[PlyCount "161"]
[EventDate "2023.01.30"]
[EventType "team-tourn"]
[EventCountry "SRB"]
[SourceTitle "playchess.com"]
[Source "ChessBase"]
[SourceQuality "1"]
[WhiteTeam "Cuba"]
[BlackTeam "India"]
[WhiteTeamCountry "CUB"]
[BlackTeamCountry "IND"]
[TimeControl "40/5400+30:1800+30"]

1. e4 c5 2. Nf3 b6 3. c3 Bb7 4. Bd3 Nc6 5. O-O e6 6. Bc2 {[%emt 0:01:33] [#] B27: Sicilian: 2 Nf3, unusual Black 2nd moves.} d5 $146 ({Predecessor:} 6... Qc7 7. Re1 Nge7 8. d4 cxd4 9. cxd4 Ng6 10. Nc3 a6 11. a3 Na5 12. e5 d5 13. exd6 Bxd6 {0-1 Vazquez Gonzalez,J (1913)-Aaron,D (2263) Merida World Heritage op 2nd 2022 (6)}) 7. d4 dxe4 8. Bxe4 {[%emt 0:00:12] The position is equal.} Nf6 9. Bc2 (9. Bg5 $11) 9... cxd4 $15 10. Nxd4 Nxd4 11. Qxd4 Qxd4 12. cxd4 a6 13. Nc3 Be7 14. h3 h6 15. Be3 b5 16. a3 O-O 17. Bb3 Rfd8 18. Rfd1 Nd5 19. Nxd5 Bxd5 20. Bxd5 Rxd5 21. Rac1 Bf6 22. Rd2 Rad8 23. Rcd1 Bg5 24. Kf1 Bf6 25. Ke2 g5 26. f3 Kg7 27. Bf2 Kg6 28. g4 a5 (28... h5 $17) 29. Be3 (29. Rc1 $11 {keeps the balance.}) 29... a4 $17 30. Bf2 R8d7 31. Be3 Rc7 32. Rd3 Rc2+ (32... b4 $5) 33. R1d2 $1 Rc1 34. Rd1 $1 Rc8 35. R1d2 Rcd8 36. Bf2 h5 37. Bg1 Bg7 38. Bf2 f5 39. Bg1 Bf6 40. Bf2 Rh8 41. Re3 Kf7 (41... Rxd4 $2 42. Rxd4 (42. Rxe6 Rxd2+ 43. Kxd2 Rd8+ 44. Kc2 hxg4 $11) 42... fxg4 43. fxg4 $18) 42. Rc3 hxg4 43. hxg4 Rh2 44. Rcd3 f4 45. Kf1 Kg6 46. Kg1 Rh8 {[%emt 0:00:18] Black has more active pieces.} 47. Kf1 Rh2 48. Kg1 $1 Rh7 49. Kf1 Rhd7 50. Ke2 $1 Bg7 51. Bg1 Rd8 52. Bf2 Bf6 53. Bg1 R8d6 54. Bf2 Bd8 55. b3 Bb6 56. bxa4 bxa4 57. Rb2 Bxd4 58. Bxd4 Rxd4 $15 {[%emt 0:00:07][%mdl 4096] Endgame KRR-KRR} 59. Rc3 (59. Rxd4 $11 {and White is okay.} Rxd4 60. Rb6) 59... e5 (59... Kf6 $142 60. Rbc2 Rd1) 60. Rbc2 Kf6 ({Black should try} 60... e4 $19 {Threatens to win with ...e3.} 61. fxe4 Rxe4+ 62. Kf2 Kf6) 61. Rc6 $2 (61. Rc4 $17 {is the only way for White.}) 61... Ke6 $2 (61... Rd2+ $19 62. Rxd2 Rxc6) 62. R6c3 $2 (62. R6c4 $17 {might work better.}) 62... e4 $19 63. fxe4 Rxe4+ 64. Kf3 (64. Kf1 {keeps fighting.}) 64... Red4 {[%emt 0:00:00] aiming for ...Rd3+.} 65. Ke2 Ke5 66. Rc8 Re4+ $2 (66... Rd3 $19 {has better winning chances. Hoping for ...f3+.} 67. R2c5+ Ke6 68. Rxg5 Re3+ 69. Kf2 Rd2+ 70. Kf1 Rxa3 71. Re8+ Kd7) 67. Kf2 $17 Kf6 (67... Re3 $15 68. Re8+ Re6 69. Rc5+ Kd6 70. Rxe6+ Kxc5) 68. R8c4 $2 (68. Rf8+ $11 Ke7 69. Rg8) 68... Rxc4 $19 69. Rxc4 {[%emt 0:00:07] KR-KR} Rd2+ 70. Kf1 {[%emt 0:00:49] [#]} Ra2 $2 (70... Ke5 $1 $19 {...Rd4 would be deadly.} 71. Rxa4 Ra2) 71. Rxa4 $11 Ke5 72. Rb4 $2 (72. Kg1 $11) 72... Rxa3 $19 73. Rb5+ {[%emt 0:00:33] [#]} (73. Kf2 $142 Rg3 74. Rb5+ Kf6 75. Rb6+ Ke7 76. Rb7+ Kd6 77. Rb6+ Kc5 78. Rb8) 73... Ke4 $1 {[%emt 0:00:00] ( -> ...Kf3)} 74. Rxg5 Kf3 75. Ke1 Ra1+ 76. Kd2 Kg2 {[%emt 0:00:32] Black mates.} 77. Rf5 f3 78. g5 f2 79. g6 f1=Q ({Stronger than} 79... f1=R 80. Rg5+ Kh3 81. g7 Rfd1+ 82. Kc2 Rac1+ 83. Kb2 Rb1+ 84. Kc3 Rdc1+ 85. Kd2 Rd1+ 86. Kc3 Rbc1+ 87. Kb4 Rb1+ 88. Kc3 $11) 80. Rxf1 Kxf1 ({Weaker is} 80... Rxf1 81. g7 Rf2+ 82. Ke1 Rf1+ 83. Kd2 Rf2+ 84. Ke1 Rf1+ 85. Ke2 Rf2+ 86. Ke1 $11) 81. Ke3 {[%emt 0:01:05] Weighted Error Value: White=0.22 (precise) /Black=0.17 (very precise)} 0-1

[Event "1st FIDE Olympiad DIS 2023"]
[Site "Belgrade"]
[Date "2023.01.31"]
[Round "2.20"]
[White "Gomez Fernandez, Alfredo"]
[Black "Dima, Mihai"]
[Result "0-1"]
[ECO "B50"]
[WhiteElo "1760"]
[BlackElo "1948"]
[Annotator "TA"]
[PlyCount "54"]
[EventDate "2023.01.30"]
[EventType "team-tourn"]
[EventCountry "SRB"]
[SourceTitle "playchess.com"]
[Source "ChessBase"]
[SourceQuality "1"]
[WhiteTeam "Spain"]
[BlackTeam "Romania"]
[WhiteTeamCountry "ESP"]
[BlackTeamCountry "ROU"]
[TimeControl "40/5400+30:1800+30"]

1. e4 c5 2. Nf3 Nc6 3. b3 d6 4. Bb2 Nf6 5. Nc3 Bg4 6. h3 {[%emt 0:01:22] B50: Sicilian: 2...d6, Miscellaneous.} Bxf3 7. Qxf3 {[%emt 0:00:08] [#]} e6 $146 ({Predecessor:} 7... Nd4 8. Qd1 g6 9. Nb5 Nc6 10. g4 a6 11. g5 axb5 12. gxf6 e5 13. Qf3 b4 {0-1 Guetas Sanchez,H (2131)-Veras Sanz,M (2044) Aragon-chT Preferente A 2017 (2.42)}) 8. Bb5 {[%emt 0:02:02] White is slightly better.} Qc7 9. O-O {[%emt 0:09:49][%cal Oc3d5] With the idea Nd5!} a6 {[%emt 0:01:17] [#]} 10. e5 $1 dxe5 11. Bxc6+ bxc6 12. Na4 Bd6 13. Rfe1 {[%emt 0:02:17][%mdl 1024] White has compensation.} O-O 14. Qe2 Nd7 15. Qc4 Rfe8 16. c3 (16. Bc3 $11) 16... Nb6 $15 17. Nxb6 Qxb6 18. d4 exd4 19. cxd4 cxd4 20. Bxd4 Qb5 21. Qc2 c5 22. Bb2 Rac8 23. Rad1 Bb8 ({Better is} 23... Bf8 $15) 24. Re4 f5 (24... Rcd8 $15) 25. Rc4 Rcd8 26. Rxd8 (26. Rxc5 $2 {too greedy.} Qxc5 27. Qc1 Qxc1 28. Rxc1 Rd2 $19) 26... Rxd8 27. Rxc5 $2 {[%emt 0:01:49][%mdl 8192] [#]} (27. Qe2 $11 Qc6 28. g3) 27... Qxc5 $3 {[%emt 0:00:18][%mdl 576] Back Rank.   Weighted Error Value: White=0.45/Black=0.18 (very precise)} 0-1